 Dungeon Crawl Stone Soup version 0.18-a0-427-g629388f (webtiles) character file.

534 Aethei the Chopper (level 7, -7/52 HPs)
             Began as a Formicid Fighter on Nov 30, 2015.
             Was an Initiate of Yredelemnul.
             Killed by divine providence
             ... invoked by an orc priest
              (9 damage)
             ... on level 6 of the Dungeon.
             The game lasted 00:14:05 (5152 turns).

Aethei the Chopper (Formicid Fighter)               Turns: 5152, Time: 00:14:05

Health: -7/52      AC:  8    Str: 20    XL:     7   Next: 50%
Magic:  8/8        EV:  8    Int:  8    God:    Yredelemnul [......]
Gold:   328        SH:  9    Dex: 12    Spells: 0 memorised, 6 levels left

rFire  . . .     SeeInvis +     a - +1 war axe
rCold  . . .     Clarity  .     b - +0 scale mail
rNeg   + . .     SustAt   .     c - +0 shield
rPois  .         Gourm    .     (helmet unavailable)
rElec  .         Spirit   .     (no cloak)
rCorr  .         Dsmss    .     (no gloves)
rMut   .         Stasis   +     u - +0 pair of boots
MR     .....                    (no amulet)
Stlth  ..........               w - ring of positive energy
                                p - ring of invisibility

@: not resistant to hostile enchantments, extremely unstealthy
A: permanent stasis, dig shafts and tunnels, four strong arms, antennae 3
a: Dig, Shaft Self, Renounce Religion, Evoke Invisibility


You were on level 6 of the Dungeon.
You worshipped Yredelemnul.
Yredelemnul was noncommittal.
You were not hungry.

You visited 1 branch of the dungeon, and saw 5 of its levels.

You collected 328 gold pieces.

Inventory:

Hand Weapons
 a - a +1 war axe (weapon)
Armour
 b - a +0 scale mail (worn)
 c - a +0 shield (worn)
 u - a +0 pair of boots (worn)
Jewellery
 p - a ring of invisibility (left hand)
 w - a ring of positive energy (right hand)
Wands
 v - a wand of fire (9)
Scrolls
 j - 3 scrolls of identify
 k - a scroll of enchant weapon
Potions
 d - a potion of berserk rage {unknown}
 f - 2 potions of curing
 h - a potion of degeneration {unknown}
 l - 2 potions of flight
 q - a potion of agility {unknown}
 r - 2 potions of lignification {unknown}
 x - a potion of poison {unknown}
Comestibles
 e - 2 bread rations
 g - 2 slices of pizza
 n - 4 meat rations


   Skills:
 - Level 3.2 Fighting
 * Level 7.0 Axes
 - Level 3.2 Armour
 + Level 4.5 Shields
 + Level 2.2 Evocations


You had 6 spell levels left.
You didn't know any spells.

Dungeon Overview and Level Annotations

Branches:
Dungeon (6/15)
 Temple: D:4-7

Altars:
Dithmenos
Fedhas
Gozag
Qazlal
Vehumet
Xom
Yredelemnul

Shops:
D:3 *


Innate Abilities, Weirdness & Mutations

You are under a permanent stasis effect.
You can dig through walls and to a lower floor.
Your four strong arms can wield two-handed weapons with a shield.
You have a pair of large antennae on your head (SInv).


Message History

You slash the ogre!
You kill the ogre!
Yredelemnul accepts your kill.
Your Axes skill increases to level 7!
Your Evocations skill increases to level 2!
An orc comes into view. It is wielding a whip.
The orc shouts!
Found a radiant altar of Vehumet.
Things that are here:
a giant club; an ogre corpse The orc priest mumbles some strange prayers to Beogh against you.
Something smites you!
The orc priest mumbles some strange prayers to Beogh against you.
Something smites you!
* * * LOW HITPOINT WARNING * * *
You barely miss the orc.
The orc priest calls down the wrath of Beogh upon you.
Something smites you!
You die...
Your body rises from the dead as a mindless zombie.

{ #########
##...#@..##
#o.).o....#
...ooo........_#
....#.........##
.....##...#...##
.... #########
... ...


You could see an orc priest and 4 orcs.

Vanquished Creatures
  2 ogres
  2 orc priests (D:4)
  An iguana (D:4)
  2 orc wizards (D:4)
  4 gnolls (D:3)
  7 adders
  An ooze (D:1)
  2 adder skeletons (D:4)
  2 worms
  A giant gecko (D:2)
  16 orcs
  5 giant cockroaches
  8 goblins
  9 hobgoblins
  6 jackals
  9 kobolds
  6 quokkas
  3 ball pythons
  8 bats
  4 giant newts
  11 rats
109 creatures vanquished.

Notes
Turn   | Place    | Note
--------------------------------------------------------------
     0 | D:1      | Aethei the Formicid Fighter began the quest for the Orb.
     0 | D:1      | Reached XP level 1. HP: 18/18 MP: 1/1
   133 | D:1      | Reached XP level 2. HP: 24/24 MP: 2/2
   500 | D:1      | Reached XP level 3. HP: 26/29 MP: 3/3
  1452 | D:2      | Reached skill level 4 in Axes
  1452 | D:2      | Reached XP level 4. HP: 25/35 MP: 4/4
  2552 | D:3      | Reached XP level 5. HP: 38/41 MP: 5/5
  2558 | D:3      | Reached skill level 5 in Axes
  3281 | D:3      | Found Gozag's Platinum Reserve.
  3281 | D:3      | Found an opulent altar of Gozag.
  3555 | D:3      | Found a blossoming altar of Fedhas.
  3558 | D:3      | Reached XP level 6. HP: 47/47 MP: 6/6
  3574 | D:3      | Found a stormy altar of Qazlal.
  3580 | D:3      | Found a shadowy altar of Dithmenos.
  3581 | D:3      | Found a shimmering altar of Xom.
  3581 | D:3      | Found a basalt altar of Yredelemnul.
  3601 | D:3      | Became a worshipper of Yredelemnul the Dark
  3672 | D:4      | Reached skill level 6 in Axes
  4319 | D:4      | Reached skill level 1 in Evocations
  4428 | D:4      | Reached XP level 7. HP: 37/52 MP: 7/7
  5144 | D:4      | You fall through a shaft for 2 floors!
  5147 | D:6      | Reached skill level 7 in Axes
  5148 | D:6      | Found a radiant altar of Vehumet.
  5151 | D:6      | HP: 2/52 [orc priest/divine providence (15)]
  5152 | D:6      | Killed from afar by an orc priest

Vault maps used:
D:1:      scummos_arrival_simple_fountains
D:2:      minmay_door_path, serial_glass, glass_columns_c, glass_columns_a,
          glass_columns_b, glass_columns_a, glass_columns_b, glass_columns_c,
          glass_columns_a, glass_columns_a, first_bread, minivault_26
D:3:      nicolae_gozag_zags_fifth_avenue, minitemple, minmay_liquid_box
D:4:      hangedman_decor_slide_cut
D:6:      cheibrodos_worm_habitat, marbit_many_paths

Action                   |  1- 3 |  4- 6 |  7- 9 || total
-------------------------+-------+-------+-------++-------
Melee: War axe           |    84 |   223 |    36 ||   343
  Use: Scroll            |       |     3 |     7 ||    10
       Potion            |       |     1 |       ||     1
  Eat: Chunk             |     2 |     8 |     2 ||    12
       Royal jelly       |       |     1 |       ||     1
